 Dungeon Crawl Stone Soup version 0.19-a0-14-gde87d98 (webtiles) character file.

222 Karasique the Ducker (level 5, -6/27 HPs)
             Began as a Spriggan Hunter on Apr 29, 2016.
             Mangled by a gnoll
             ... wielding a +0 spear
              (10 damage)
             ... on level 4 of the Dungeon.
             The game lasted 00:09:41 (3613 turns).

Karasique the Ducker (Spriggan Hunter)              Turns: 3613, Time: 00:09:42

Health: -6/27      AC:  4    Str: 15    XL:     5   Next: 66%
Magic:  2/2        EV: 20    Int: 12    God:
Gold:   198        SH:  5    Dex: 17    Spells: 0 memorised, 4 levels left

rFire  . . .     SeeInvis +     n - +2 dagger of the Fray {antimagic, rN+ Str+6} (curse)
rCold  . . .     Gourm    .     j - +0 robe (curse)
rNeg   + . .     Faith    .     x - +0 buckler
rPois  .         Spirit   .     (helmet restricted)
rElec  .         Dismiss  .     i - +1 cloak
rCorr  .         Reflect  .     (gloves unavailable)
SustAt .         Harm     .     (boots unavailable)
MR     .....                    (no amulet)
Stlth  ++........               (no ring)
                                (no ring)

@: very quick, not resistant to hostile enchantments, unstealthy
A: unfitting armour, see invisible, herbivore 3, speed 3, slow metabolism 2
a: no special abilities


You were on level 4 of the Dungeon.
You were hungry.

You visited 1 branch of the dungeon, and saw 4 of its levels.

You collected 198 gold pieces.

Inventory:

Hand Weapons
 n - the cursed +2 dagger of the Fray (weapon) {antimagic, rN+ Str+6}
   (You found it on level 4 of the Dungeon)

   It disrupts the flow of magical energy around spellcasters and certain
   magical creatures (including the wielder).
   It affects your strength (+6).
   It protects you from negative energy.
   It has a curse placed upon it.
 w - a +1 hand crossbow
Missiles
 d - 37 bolts
Armour
 i - a +1 cloak (worn)
 j - a cursed +0 robe (worn)
 x - a +0 buckler (worn)
Jewellery
 l - an uncursed amulet of faith {unknown}
 m - a cursed ring of loudness {unknown}
Scrolls
 b - 2 scrolls of enchant armour
 v - a scroll of immolation {unknown}
Potions
 a - a potion of cure mutation {unknown}
 e - a potion of degeneration {unknown}
 g - a potion of lignification
 h - 3 potions of curing
 k - a potion of brilliance {unknown}
 p - 2 potions of berserk rage
 t - a potion of mutation {unknown}
 u - a potion of magic {unknown}
Comestibles
 c - a slice of pizza
 f - 4 bread rations
 o - 2 fruits


   Skills:
 + Level 2.5 Fighting
 + Level 2.9 Short Blades
 + Level 4.8 Crossbows
 + Level 5.3 Dodging
 - Level 1.5 Stealth


You had 4 spell levels left.
You didn't know any spells.

Dungeon Overview and Level Annotations

Branches:
Dungeon (4/15)
 Temple: D:4-7

Altars:
Cheibriados
Dithmenos
Kikubaaqudgha
Nemelex Xobeh
Zin
The Shining One


Innate Abilities, Weirdness & Mutations

You are tiny and cannot use many weapons and most armour.
You have supernaturally acute eyesight.
You are a herbivore.
You cover ground extremely quickly.
You need consume almost no food.


Message History

You closely miss the gnoll.
The gnoll is heavily wounded.
The gnoll hits you with a club. The gnoll misses you.
You hit the gnoll.
The gnoll is severely wounded.
The gnoll misses you. The gnoll closely misses you.
You hit the gnoll but do no damage.
The gnoll is severely wounded.
The gnoll closely misses you. The gnoll misses you.
You hit the gnoll.
The gnoll is almost dead.
The gnoll misses you. The gnoll hits you with a spear!
You barely miss the gnoll.
The gnoll is almost dead.
The gnoll completely misses you.
You hit the gnoll.
You kill the gnoll!
The gnoll hits you but does no damage.
The gnoll hits you from afar with a spear!
You die...

* *,,,,.....,,,***,,,,,,,,.....,
** ***###..#***** *******##..?,,,
,*#####...########## ##...,,..,
,*#.....)..........# ###..##....,
,#....###..........# #..<.......,
.....,,,#..........###...###....,
#...,...................## *,,,.,
#..,....######g##..>.....# *,,,,,
#.,*####* #..@...<....# ******
#,,* ####.....)..# ****
##########


You could see a gnoll.

Vanquished Creatures
  2 howler monkeys (D:3)
  4 adders
  2 gnolls (D:4)
  An ooze (D:1)
  3 worms
  2 dart slugs
  2 giant geckos
  An orc (D:3)
  7 bats
  4 giant cockroaches
  2 goblins
  8 hobgoblins
  9 jackals
  A ball python (D:2)
  2 giant newts
  8 kobolds
  14 rats
72 creatures vanquished.

Notes
Turn   | Place    | Note
--------------------------------------------------------------
     0 | D:1      | Karasique the Spriggan Hunter began the quest for the Orb.
     0 | D:1      | Reached XP level 1. HP: 10/10 MP: 2/2
   261 | D:1      | Reached skill level 1 in Short Blades
   286 | D:1      | Reached XP level 2. HP: 7/14 MP: 3/3
  1138 | D:1      | Reached XP level 3. HP: 10/18 MP: 4/4
  1950 | D:2      | Reached skill level 4 in Dodging
  2393 | D:2      | Found a faded altar to an unknown god.
  2417 | D:2      | Reached XP level 4. HP: 5/23 MP: 5/5
  3012 | D:3      | Reached XP level 5. HP: 23/26 MP: 6/6
  3050 | D:3      | Reached skill level 5 in Dodging
  3226 | D:3      | Found a shadowy altar of Dithmenos.
  3228 | D:3      | Found a glowing silver altar of Zin.
  3228 | D:3      | Found a snail-covered altar of Cheibriados.
  3229 | D:3      | Found an ancient bone altar of Kikubaaqudgha.
  3231 | D:3      | Found a glowing golden altar of the Shining One.
  3233 | D:3      | Found a sparkling altar of Nemelex Xobeh.
  3555 | D:4      | Got a translucent dagger
  3556 | D:4      | Identified the cursed +2 dagger of the Fray {antimagic, rN+ Str+6} (You found it on level 4 of the Dungeon)
  3570 | D:4      | Noticed a phantom
  3613 | D:4      | Mangled by a gnoll

Vault maps used:
D:1:      minmay_arrival_shoal_huts
D:2:      wad_woods_pond, ecumenical_altar_2
D:3:      minitemple, st_stairs_5, kennysheep_generic_room_15
D:4:      gup_sewer_entry_spiral, xom_redecorated

Skill      XL: |  1  2  3  4  5 |
---------------+----------------+-----
Short Blades   | 1 2 |  2.9
Dodging        | 4 5 |  5.3
Fighting       | 2 |  2.5
Crossbows      | |  4.8
Stealth        | |  1.5

Action                   |  1- 3 |  4- 6 || total
-------------------------+-------+-------++-------
Melee: Short sword       |    65 |       ||    65
       Dagger            |    61 |   107 ||   168
 Fire: Hand crossbow     |    21 |       ||    21
  Use: Scroll            |       |     7 ||     7
 Stab: Sleeping          |     3 |     2 ||     5
Armor: Robe              |    19 |    15 ||    34
Dodge: Dodged            |   105 |    94 ||   199
Block: Buckler           |       |     9 ||     9
